Workbook

Sheet 主要財務データ
A2: 財務ハイライト
M3: （単位：百万円）
D4: 2010/3 | E4: 2011/3 | F4: 2012/3 | G4: 2013/3 | H4: 2014/3 | I4: 2015/3 | J4: 2016/3 | K4: 2017/3 | L4: 2018/3 | M4: 2019/3
B5: 【連結】
C6: 売上高 | D6: 314911 | E6: 295923 | F6: 246147 | G6: 191082 | H6: 233802 | I6: 216553 | J6: 170041 | K6: 133838 | L6: 130130 | M6: 105549
C7: 営業利益／損失 | D7: 11148 | E7: 772 | F7: -105 | G7: -6568 | H7: -6071 | I7: -659 | J7: -10539 | K7: -6775 | L7: -10885 | M7: 682
C8: 経常利益／損失 | D8: 11684 | E8: 1290 | F8: -457 | G8: -1681 | H8: -2908 | I8: 600 | J8: -13653 | K8: -7726 | L8: -11909 | M8: 1392
C9: 当期純利益／損失 | D9: 10328 | E9: -1169 | F9: -5261 | G9: -9869 | H9: -7400 | I9: 31 | J9: -33839 | K9: -6745 | L9: -24709 | M9: 2613
C10: 包括利益／損失 | D10: - | E10: -10252 | F10: -7117 | G10: -2412 | H10: -2928 | I10: 9191 | J10: -37479 | K10: -6098 | L10: -25467 | M10: 3490
C11: 純資産 | D11: 142779 | E11: 131228 | F11: 123212 | G11: 119264 | H11: 114743 | I11: 123218 | J11: 84439 | K11: 76656 | L11: 50717 | M11: 54057
C12: 総資産 | D12: 204057 | E12: 193910 | F12: 176607 | G12: 194207 | H12: 180729 | I12: 188902 | J12: 154191 | K12: 108685 | L12: 80265 | M12: 83293
C13: 自己資本 | D13: 141991 | E13: 130088 | F13: 122131 | G13: 117969 | H13: 113568 | I13: 122014 | J13: 83328 | K13: 76507 | L13: 50699 | M13: 54025
C14: １株当たり純資産（円） | D14: 4164.86 | E14: 3813.57 | F14: 3579.54 | G14: 3457.56 | H14: 3328.58 | I14: 3576.14 | J14: 2442.28 | K14: 2242.38 | L14: 1485.96 | M14: 1583.46
C15: １株当たり当期純利益／損失（円） | D15: 302.97 | E15: -34.31 | F15: -154.23 | G15: -289.26 | H15: -216.89 | I15: 0.92 | J15: -991.81 | K15: -197.7 | L15: -724.21 | M15: 76.59
C16: 営業活動によるキャッシュ・フロー | D16: 3640 | E16: -5165 | F16: 16416 | G16: -8022 | H16: -1251 | I16: 16897 | J16: -7549 | K16: -13329 | L16: -5369 | M16: 3507
C17: 投資活動によるキャッシュ・フロー | D17: -2713 | E17: 4070 | F17: -6434 | G17: 12863 | H17: -2730 | I17: -17360 | J17: 11805 | K17: 13266 | L17: -2174 | M17: -775
C18: 財務活動によるキャッシュ・フロー | D18: -7870 | E18: 2465 | F18: -6717 | G18: 5128 | H18: -4676 | I18: -2725 | J18: 69 | K18: -11150 | L18: -584 | M18: -239
C19: 現金及び現金同等物の期末残高 | D19: 34063 | E19: 33745 | F19: 36567 | G19: 50238 | H19: 43612 | I19: 42991 | J19: 47116 | K19: 38971 | L19: 30650 | M19: 33544
B21: 【単体】
C22: 売上高 | D22: 253511 | E22: 248286 | F22: 195880 | G22: 156878 | H22: 177794 | I22: 153968 | J22: 135147 | K22: 103982 | L22: 119197 | M22: 97910
C23: 営業利益／損失 | D23: -339 | E23: -233 | F23: -307 | G23: -6275 | H23: -2878 | I23: -2540 | J23: -7860 | K23: -9084 | L23: -6594 | M23: 452
C24: 経常利益／損失 | D24: -445 | E24: 5943 | F24: 10165 | G24: 18574 | H24: -1108 | I24: -1223 | J24: 14980 | K24: -5315 | L24: -8414 | M24: 1241
C25: 当期純利益／損失 | D25: -1106 | E25: 6267 | F25: 2621 | G25: 12452 | H25: -10099 | I25: -531 | J25: -4610 | K25: 2138 | L25: -19435 | M25: 970
C26: 純資産 | D26: 71759 | E26: 76851 | F26: 77584 | G26: 88723 | H26: 77639 | I26: 76222 | J26: 70197 | K26: 71269 | L26: 51362 | M26: 52334
C27: 総資産 | D27: 107399 | E27: 109563 | F27: 112717 | G27: 119151 | H27: 118611 | I27: 115895 | J27: 116239 | K27: 91994 | L27: 73612 | M27: 70691
C28: 自己資本 | D28: 71696 | E28: 76763 | F28: 77477 | G28: 88601 | H28: 77506 | I28: 76079 | J28: 70052 | K28: 71119 | L28: 51344 | M28: 52302
C29: 資本金 | D29: 31280 | E29: 31300 | F29: 31307 | G29: 31307 | H29: 31307 | I29: 31307 | J29: 31307 | K29: 31307 | L29: 31307 | M29: 31307
C30: 発行済株式数（千株） | D30: 34092 | E30: 34099 | F30: 34114 | G30: 34119 | H30: 34119 | I30: 34119 | J30: 34119 | K30: 34119 | L30: 34119 | M30: 34119
C31: １株当たり純資産（円） | D31: 2103 | E31: 2250.35 | F31: 2270.78 | G31: 2596.83 | H31: 2271.65 | I31: 2229.81 | J31: 2053.17 | K31: 2084.46 | L31: 1504.87 | M31: 1532.96
C32: 1株当たり配当金（円） | D32: 40 | E32: 40 | F32: 50 | G32: 35 | H32: 35 | I32: 35 | J32: 30 | K32: 10 | L32: 0 | M32: 0
C33: １株当たり当期純利益／損失（円） | D33: -32.45 | E33: 183.79 | F33: 76.86 | G33: 364.97 | H33: -296.02 | I33: -15.59 | J33: -135.12 | K33: 62.69 | L33: -569.64 | M33: 28.45
B35: ※発行済株式数は、自己株式数を控除して算出

Sheet 主要財務データ【グラフ】
A2: 主要財務データ 損益計算書関係（連結）
A42: 主要財務データ 貸借対照表関係（連結）
D117: 2010/3 | E117: 2011/3 | F117: 2012/3 | G117: 2013/3 | H117: 2014/3 | I117: 2015/3 | J117: 2016/3 | K117: 2017/3 | L117: 2018/3 | M117: 2019/3
C118: 売上高 | D118: =主要財務データ!D6 -> 314911 | E118: =主要財務データ!E6 -> 295923 | F118: =主要財務データ!F6 -> 246147 | G118: =主要財務データ!G6 -> 191082 | H118: =主要財務データ!H6 -> 233802 | I118: =主要財務データ!I6 -> 216553 | J118: =主要財務データ!J6 -> 170041 | K118: =主要財務データ!K6 -> 133838 | ... M118: =主要財務データ!M6 -> 105549
C119: 営業利益／損失 | D119: =主要財務データ!D7 -> 11148 | E119: =主要財務データ!E7 -> 772 | F119: =主要財務データ!F7 -> -105 | G119: =主要財務データ!G7 -> -6568 | H119: =主要財務データ!H7 -> -6071 | I119: =主要財務データ!I7 -> -659 | J119: =主要財務データ!J7 -> -10539 | K119: =主要財務データ!K7 -> -6775 | ... M119: =主要財務データ!M7 -> 682
C120: 経常利益／損失 | D120: =主要財務データ!D8 -> 11684 | E120: =主要財務データ!E8 -> 1290 | F120: =主要財務データ!F8 -> -457 | G120: =主要財務データ!G8 -> -1681 | H120: =主要財務データ!H8 -> -2908 | I120: =主要財務データ!I8 -> 600 | J120: =主要財務データ!J8 -> -13653 | K120: =主要財務データ!K8 -> -7726 | ... M120: =主要財務データ!M8 -> 1392
C121: 当期純利益／損失 | D121: =主要財務データ!D9 -> 10328 | E121: =主要財務データ!E9 -> -1169 | F121: =主要財務データ!F9 -> -5261 | G121: =主要財務データ!G9 -> -9869 | H121: =主要財務データ!H9 -> -7400 | I121: =主要財務データ!I9 -> 31 | J121: =主要財務データ!J9 -> -33839 | K121: =主要財務データ!K9 -> -6745 | ... M121: =主要財務データ!M9 -> 2613
C122: 純資産 | D122: =主要財務データ!D11 -> 142779 | E122: =主要財務データ!E11 -> 131228 | F122: =主要財務データ!F11 -> 123212 | G122: =主要財務データ!G11 -> 119264 | H122: =主要財務データ!H11 -> 114743 | I122: =主要財務データ!I11 -> 123218 | J122: =主要財務データ!J11 -> 84439 | K122: =主要財務データ!K11 -> 76656 | ... M122: =主要財務データ!M11 -> 54057
C123: 総資産 | D123: =主要財務データ!D12 -> 204057 | E123: =主要財務データ!E12 -> 193910 | F123: =主要財務データ!F12 -> 176607 | G123: =主要財務データ!G12 -> 194207 | H123: =主要財務データ!H12 -> 180729 | I123: =主要財務データ!I12 -> 188902 | J123: =主要財務データ!J12 -> 154191 | K123: =主要財務データ!K12 -> 108685 | ... M123: =主要財務データ!M12 -> 83293
C124: 自己資本 | D124: =主要財務データ!D13 -> 141991 | E124: =主要財務データ!E13 -> 130088 | F124: =主要財務データ!F13 -> 122131 | G124: =主要財務データ!G13 -> 117969 | H124: =主要財務データ!H13 -> 113568 | I124: =主要財務データ!I13 -> 122014 | J124: =主要財務データ!J13 -> 83328 | K124: =主要財務データ!K13 -> 76507 | ... M124: =主要財務データ!M13 -> 54025

Sheet 機器別売上高（連結）
A2: 機器別売上高（連結）
M3: （単位：百万円／％）
D4: 2010/3 | E4: 2011/3 | F4: 2012/3 | G4: 2013/3 | H4: 2014/3 | I4: 2015/3 | J4: 2016/3 | K4: 2017/3 | L4: 2018/3 | M4: 2019/3
C5: 映像機器 | D5: 233528 | E5: 198606 | F5: 183507 | G5: 154940 | H5: 182945 | I5: 171987 | J5: 147742 | K5: 115262 | L5: 122569 | M5: 97059
D6: 74.2 | E6: 67.1 | F6: 74.5 | G6: 81.1 | H6: 78.2 | I6: 79.4 | J6: 86.9 | K6: 86.1 | L6: 94.2 | M6: =M5/M11*100 -> 91.956343
C7: 情報機器 | D7: 54629 | E7: 56405 | F7: 30013 | G7: 11965 | H7: 18876 | I7: 12634 | J7: 5000 | K7: 5075 | L7: 3334 | M7: 3306
D8: 17.3 | E8: 19.1 | F8: 12.2 | G8: 6.3 | H8: 8.1 | I8: 5.8 | J8: 2.9 | K8: 3.8 | L8: 2.6 | M8: =M7/M11*100 -> 3.1321945
C9: その他 | D9: 26754 | E9: 40912 | F9: 32627 | G9: 24176 | H9: 31981 | I9: 31932 | J9: 17297 | K9: 13500 | L9: 4225 | M9: 5183
D10: 8.5 | E10: 13.8 | F10: 13.3 | G10: 12.6 | H10: 13.7 | I10: 14.8 | J10: 10.2 | K10: 10.1 | L10: 3.2 | M10: =M9/M11*100 -> 4.9105155
C11: 合計 | D11: 314911 | E11: =E5+E7+E9 -> 295923 | F11: 246147 | G11: 191082 | H11: 233802 | I11: 216553 | J11: 170041 | K11: 133838 | L11: 130130 | M11: 105549
D12: 100 | E12: 100 | F12: 100 | G12: 100 | H12: 100 | I12: 100 | J12: 100 | K12: 100 | L12: 100 | M12: 100
D84: =L4 -> 2018/3 | E84: =M4 -> 2019/3
C85: 映像機器 | D85: =L5 -> 122569 | E85: =M5 -> 97059
C86: 情報機器 | D86: =L7 -> 3334 | E86: =M7 -> 3306
C87: その他 | D87: =L9 -> 4225 | E87: =M9 -> 5183
C88: 合計 | D88: =L11 -> 130130 | E88: =M11 -> 105549

Sheet 仕向地別売上高（連結）
B2: 仕向地別売上高（連結）
N3: （単位：百万円／％）
E4: 2010/3 | F4: 2011/3 | G4: 2012/3 | H4: 2013/3 | I4: 2014/3 | J4: 2015/3 | K4: 2016/3 | L4: 2017/3 | M4: 2018/3 | N4: 2019/3
D5: 海外 | E5: 266531 | F5: 201727 | G5: 164857 | H5: 155216 | I5: 195693 | J5: 184342 | K5: 138564 | L5: 104317 | M5: 96232 | N5: 71619
E6: 84.6 | F6: 68.2 | G6: 67 | H6: 81.2 | I6: 83.7 | J6: 85.1 | K6: 81.5 | L6: 78 | M6: 74 | N6: 67.9
D7: 米州(注) | E7: 216454 | F7: 155754 | G7: 134111 | H7: 132383 | I7: 184730 | J7: 176109 | K7: 135883 | L7: 102869 | M7: 94303 | N7: 69904
E8: 68.7 | F8: 52.6 | G8: 54.5 | H8: 69.3 | I8: 79 | J8: 81.3 | K8: 79.9 | L8: 76.9 | M8: 72.5 | N8: 66.2
D9: 欧州 | E9: 30490 | F9: 23836 | G9: 12592 | H9: 6200 | I9: 7735 | J9: 6122 | K9: 1659 | L9: 1023 | M9: 538 | N9: 392
E10: 9.7 | F10: 8.1 | G10: 5.1 | H10: 3.2 | I10: 3.3 | J10: 2.8 | K10: 1 | L10: 0.8 | M10: 0.4 | N10: 0.4
D11: アジア その他 | E11: 8822 | F11: 8505 | G11: 9290 | H11: 3541 | I11: 2635 | J11: 1870 | K11: 1022 | L11: 424 | M11: 1391 | N11: 1321
E12: 2.8 | F12: 2.9 | G12: 3.8 | H12: 1.9 | I12: 1.1 | J12: 0.9 | K12: 0.6 | L12: 0.3 | M12: 1.1 | N12: 1.3
D13: （その他） | E13: 10765 | F13: 13630 | G13: 8862 | H13: 13090 | I13: 591 | J13: 239
E14: 3.4 | F14: 4.6 | G14: 3.6 | H14: 6.8 | I14: 0.3 | J14: 0.1
D15: 日本 | E15: 48380 | F15: 94196 | G15: 81290 | H15: 35865 | I15: 38109 | J15: 32211 | K15: 31477 | L15: 29521 | M15: 33897 | N15: 33930
E16: 15.4 | F16: 31.8 | G16: 33 | H16: 18.8 | I16: 16.3 | J16: 14.9 | K16: 18.5 | L16: 22 | M16: 26 | N16: 32.1
D17: 合計 | E17: 314911 | F17: 295923 | G17: 246147 | H17: 191082 | I17: 233802 | J17: 216553 | K17: 170041 | L17: 133838 | M17: 130130 | N17: 105549
E18: 100 | F18: 100 | G18: 100 | H18: 100 | I18: 100 | J18: 100 | K18: 100 | L18: 100 | M18: 100 | N18: 100
D20: （注）2015/3より、従来「その他」に含めていた中南米向け売上を、「米州」に含めて表示しております。 なお、名称を「北米」から「米州」に変更しております。
D111: =M4 -> 2018/3 | E111: =N4 -> 2019/3
B112: 北米/米州 | D112: =M7 -> 94303 | E112: =N7 -> 69904
B113: 欧州 | D113: =M9 -> 538 | E113: =N9 -> 392
B114: アジアその他 | D114: =M11+M13 -> 1391 | E114: =N11 -> 1321
B115: その他
B116: 日本 | D116: =M15 -> 33897 | E116: =N15 -> 33930

Sheet 各指標（連結）
A2: 各指標（連結）
D4: 2010/3 | E4: 2011/3 | F4: 2012/3 | G4: 2013/3 | H4: 2014/3 | I4: 2015/3 | J4: 2016/3 | K4: 2017/3 | L4: 2018/3 | M4: 2019/3
B5: 【収益性】
C6: 売上高総利益率(%) | D6: 18.25 | E6: 13.62 | F6: =37368*100/主要財務データ!F6 -> 15.181172 | G6: =27632*100/主要財務データ!G6 -> 14.460807 | H6: =32149*100/主要財務データ!H6 -> 13.750524 | I6: =36790*100/主要財務データ!I6 -> 16.988913 | J6: =25370*100/主要財務データ!J6 -> 14.919931 | K6: =19043*100/主要財務データ!K6 -> 14.228396 | L6: =8600/主要財務データ!L6*100 -> 6.6087758 | M6: =13700/主要財務データ!M6*100 -> 12.979753
C7: 売上高営業利益率(%) | D7: =主要財務データ!D7*100/主要財務データ!D6 -> 3.5400478 | E7: =主要財務データ!E7*100/主要財務データ!E6 -> 0.26087867 | F7: =主要財務データ!F7*100/主要財務データ!F6 -> -0.042657436 | G7: =主要財務データ!G7*100/主要財務データ!G6 -> -3.4372678 | H7: =主要財務データ!H7*100/主要財務データ!H6 -> -2.5966416 | I7: =主要財務データ!I7*100/主要財務データ!I6 -> -0.30431349 | J7: =主要財務データ!J7*100/主要財務データ!J6 -> -6.197917 | K7: =主要財務データ!K7*100/主要財務データ!K6 -> -5.06209 | ... M7: =主要財務データ!M7*100/主要財務データ!M6 -> 0.64614539 | N7: 営業利益/売上高
C8: 売上高経常利益率(%) | D8: =主要財務データ!D8*100/主要財務データ!D6 -> 3.7102546 | E8: =主要財務データ!E8*100/主要財務データ!E6 -> 0.43592421 | F8: =主要財務データ!F8*100/主要財務データ!F6 -> -0.18566141 | G8: =主要財務データ!G8*100/主要財務データ!G6 -> -0.87972703 | H8: =主要財務データ!H8*100/主要財務データ!H6 -> -1.2437875 | I8: =主要財務データ!I8*100/主要財務データ!I6 -> 0.27706843 | J8: =主要財務データ!J8*100/主要財務データ!J6 -> -8.02924 | K8: =主要財務データ!K8*100/主要財務データ!K6 -> -5.7726505 | ... M8: =主要財務データ!M8*100/主要財務データ!M6 -> 1.3188187 | N8: 経常利益/売上高
B10: 【安全性】
C11: 自己資本比率(%) | D11: 69.58 | E11: 67.09 | F11: 69.15 | G11: 60.74 | H11: 62.84 | I11: 64.59 | J11: 54.04 | K11: 70.39 | L11: =主要財務データ!L13/主要財務データ!L12*100 -> 63.164518 | M11: =主要財務データ!M13/主要財務データ!M12*100 -> 64.861393 | N11: 自己資本/総資産
C12: 流動比率(%) | D12: 297.39 | E12: 269.53 | F12: =145689*100/50685 -> 287.44007 | G12: =164485*100/71269 -> 230.7946 | H12: =143429*100/56021 -> 256.0272 | I12: =153982*100/55248 -> 278.71054 | J12: =123214*100/59823 -> 205.96426 | K12: =85503*100/29575 -> 289.10566 | L12: =67779/26842*100 -> 252.51099 | M12: =69958/28121*100 -> 248.77494 | N12: 流動資産/流動負債
C13: インタレスト･カバレッジ(倍) | D13: 43.65 | E13: － | F13: 130.54 | G13: － | H13: － | I13: 89.6 | J13: － | K13: － | L13: - | M13: - | N13: 短信で検索
B14: ※インタレスト･カバレッジ＝営業活動によるキャッシュ・フロー/利払い
B15: 【効率性】
C16: 総資本回転率(回) | D16: 1.56 | E16: 1.49 | F16: 1.33 | G16: 1.03 | H16: 1.25 | I16: 1.17 | J16: =主要財務データ!J6/((主要財務データ!I12+主要財務データ!J12)/2) -> 0.99122395 | K16: =主要財務データ!K6/((主要財務データ!K12+主要財務データ!J12)/2) -> 1.0182596 | L16: =主要財務データ!$L$6/((主要財務データ!K12+主要財務データ!L12)/2) -> 1.3774014 | M16: =主要財務データ!M6/((主要財務データ!L12+主要財務データ!M12)/2) -> 1.2906614 | N16: 売上高／総資産 | P16: 昨年末＋今年末／２
C17: 固定資産回転率(回) | D17: 8.62 | E17: 8.22 | F17: =主要財務データ!F6/((30917+35089)/2) -> 7.458322 | G17: =主要財務データ!G6/((29721+30917)/2) -> 6.3023846 | H17: =主要財務データ!H6/((37300+29721)/2) -> 6.9769774 | I17: =主要財務データ!I6/((34920+37300)/2) -> 5.9970368 | J17: =主要財務データ!J6/((30976+34920)/2) -> 5.1608899 | K17: =主要財務データ!K6/((23181+30976)/2) -> 4.9425928 | L17: =主要財務データ!L6/((23181+12491)/2) -> 7.2959184 | M17: =主要財務データ!M6/((12954+13335)/2) -> 8.0298984 | N17: 売上高／固定資産
C18: 有形固定資産回転率(回) | D18: 19.88 | E18: 18.53 | F18: =主要財務データ!F6/((14785+16290)/2) -> 15.842124 | G18: =主要財務データ!G6/((16675+14785)/2) -> 12.147616 | H18: =主要財務データ!H6/((21905+16675)/2) -> 12.120373 | I18: =主要財務データ!I6/((21306+21905)/2) -> 10.02305 | J18: =主要財務データ!J6/((18203+21306)/2) -> 8.6077096 | K18: =主要財務データ!K6/((12963+18203)/2) -> 8.5887185 | L18: =主要財務データ!L6/((12963+8193)/2) -> 12.301947 | M18: =主要財務データ!M6/((8193+8159)/2) -> 12.909614 | N18: 売上高／有形固定資産
B19: ※総資本、固定資産、有形固定資産は期首、期末の平均値
B20: 【生産性】
C21: 従業員１人当たり売上高(千円) | D21: 123349 | E21: 103433.41 | F21: =主要財務データ!F6*1000/F23 -> 61690.977 | G21: =主要財務データ!G6*1000/G23 -> 40008.794 | H21: =主要財務データ!H6*1000/H23 -> 45735.915 | I21: =主要財務データ!I6*1000/I23 -> 60086.848 | J21: =主要財務データ!J6*1000/J23 -> 51248.041 | K21: =主要財務データ!K6*1000/K23 -> 40717.371 | L21: =主要財務データ!$L$6/L23*1000 -> 54040.698 | M21: =主要財務データ!$M$6/M23*1000 -> 44292.488 | N21: 売上高／従業員数（ゆうほう）
C22: 従業員１人当たり営業利益(千円) | D22: 4366 | E22: 269 | F22: =主要財務データ!F7*1000/F23 -> -26.315789 | G22: =主要財務データ!G7*1000/G23 -> -1375.2094 | H22: =主要財務データ!H7*1000/H23 -> -1187.5978 | I22: =主要財務データ!I7*1000/I23 -> -182.85239 | J22: =主要財務データ!J7*1000/J23 -> -3176.311 | K22: =主要財務データ!K7*1000/K23 -> -2061.15 | L22: =主要財務データ!$L$7/L23*1000 -> -4520.3488 | M22: =主要財務データ!$M$7/M23*1000 -> 286.19387
C23: 期末従業員数〔除く委託加工先従業員〕(人) | D23: 2553 | E23: 2861 | F23: 3990 | G23: 4776 | H23: 5112 | I23: 3604 | J23: 3318 | K23: 3287 | L23: 2408 | M23: 2383
B24: ※従業員１人当たり売上高及び従業員１人当たり営業利益は、期末従業員数で算出
B25: 【キャッシュ・フロー】
C26: フリーキャッシュ・フロー(百万円) | D26: 926 | E26: -1095 | F26: 9981 | G26: 4841 | H26: -3981 | I26: -463 | J26: =-7549+11805 -> 4256 | K26: =-13329+13266 -> -63 | L26: =-5369-2174 -> -7543 | M26: =3507-775 -> 2732 | N26: 営業活動＋投資活動キャッシュ・フロー
C27: 減価償却費(百万円) | D27: 5756 | E27: 6367 | F27: 6547 | G27: 5264 | H27: 6479 | I27: 5855 | J27: 4498 | K27: 4098 | L27: 2258 | M27: 974
C28: 設備投資額(百万円) | D28: 4309 | E28: 6061 | F28: 3931 | G28: 5345 | H28: 5094 | I28: 3275 | J28: 2462 | K28: 3070 | L28: 2156 | M28: 1425
B29: ※フリーキャッシュ・フロー＝営業活動によるキャッシュ・フロー ＋ 投資活動によるキャッシュ・フロー
B30: 【投資指標】
C31: １株当たり当期純利益(円) | D31: 302.97 | E31: -34.31 | F31: -154.23 | G31: -289.26 | H31: -216.89 | I31: 0.92 | J31: -991.81 | K31: -197.7 | L31: -724.21 | M31: 76.59
C32: １株当たり純資産(円) | D32: 4164.86 | E32: 3813.57 | F32: 3579.54 | G32: 3457.56 | H32: 3328.58 | I32: 3576.14 | J32: 2442.28 | K32: 2242.38 | L32: 1485.96 | M32: 1583.46
C33: 自己資本当期純利益率(％) | D33: 7.45 | E33: =主要財務データ!E9*100/((主要財務データ!D13+主要財務データ!E13)/2) -> -0.85930924 | F33: =主要財務データ!F9*100/((主要財務データ!E13+主要財務データ!F13)/2) -> -4.1717714 | G33: =主要財務データ!G9*100/((主要財務データ!F13+主要財務データ!G13)/2) -> -8.2207414 | H33: =主要財務データ!H9*100/((主要財務データ!G13+主要財務データ!H13)/2) -> -6.3920669 | I33: =主要財務データ!I9*100/((主要財務データ!H13+主要財務データ!I13)/2) -> 0.0263178 | J33: =主要財務データ!J9*100/((主要財務データ!I13+主要財務データ!J13)/2) -> -32.958674 | K33: =主要財務データ!K9*100/((主要財務データ!J13+主要財務データ!K13)/2) -> -8.4399537 | L33: =主要財務データ!L9*100/((主要財務データ!K13+主要財務データ!L13)/2) -> -38.848796 | M33: =主要財務データ!M9*100/((主要財務データ!L13+主要財務データ!M13)/2) -> 4.9902601
